 Dungeon Crawl Stone Soup version 0.32-a0-994-gabb26cbae4 (webtiles) character file.

Game seed: 6436615202307919074

183 GordonOverkill the Sneak (level 5, -3/46 HPs)
             Began as a Draconian Delver on Apr 22, 2024.
             Was an Initiate of Gozag.
             Slain by an orc wizard
             ... wielding a +0 war axe
              (5 damage)
             ... on level 3 of the Dungeon.
             The game lasted 00:08:23 (2633 turns).

GordonOverkill the Sneak (Draconian Delver)         Turns: 2633, Time: 00:08:24

Health: -3/46      AC:  8    Str: 15    XL:     5   Next: 35%
Magic:  8/8        EV: 11    Int: 12    God:    Gozag
Gold:   38         SH:  0    Dex: 12    Spells: 4/8 levels left

rFire   + . .        a - +0 short sword
rCold   + . .        (no shield)
rNeg    . . .        (body armour unavailable)
rPois   +            (helmet restricted)
rElec   +            (no cloak)
rCorr   +            d - +2 pair of gloves
SInv    .            (no boots)
Will    .....        (no amulet)
Stlth   +++          (no ring)
HPRegen 0.27/turn    (no ring)
MPRegen 0.11/turn

%: no passive effects
@: about to teleport, resistant
A: AC +5, unfitting armour, cold-blooded
a: Renounce Religion, Potion Petition, Call Merchant, Bribe Branch


You were on level 3 of the Dungeon.
You worshipped Gozag.
Gozag was noncommittal.
You visited 1 branch of the dungeon, and saw 6 of its levels.

You collected 134 gold pieces.
You paid 96 gold pieces to Gozag.

Inventory:

Hand Weapons
 a - a +0 short sword (weapon)
Armour
 d - a +2 pair of gloves (worn)
Wands
 f - a wand of digging (3)
Scrolls
 b - a scroll of fog
 c - 2 scrolls of revelation
 h - a scroll of immolation {unknown}
 i - a scroll of noise {unknown}
 l - a scroll of poison
 n - a scroll of amnesia {unknown}
 o - a scroll of enchant weapon {unknown}
Potions
 j - a potion of cancellation


   Skills:
 - Level 4.0 Fighting
 - Level 3.0 Short Blades
 - Level 2.0 Throwing
 - Level 2.0 Dodging
 - Level 4.5 Stealth
 - Level 2.0 Spellcasting
 + Level 1.0 Translocations
 + Level 1.0 Air Magic
 - Level 1.0 Evocations


You had 4 spell levels left.
You knew the following spells:

 Your Spells              Type           Power      Damage    Failure   Level
a - Vhi's Electric Charg  Tloc/Air       6%         N/A       87%         4

Your spell library contained the following spells:

 Spells                   Type           Power      Damage    Failure   Level
 Volatile Blastmotes      Fire/Tloc      4%         2d10      54%         3
 Inner Flame              Hex/Fire       1%         N/A       63%         3
 Flame Wave               Conj/Fire      1%         2d4       95%         4
 Sticky Flame             Fire/Alch      1%         2d4       95%         4
 Gell's Gavotte           Tloc           1%         2d(12-17) 100%        6


Dungeon Overview and Level Annotations

Branches:
Dungeon (6/15)
 Temple: D:4-7

Altars:
Dithmenos
Gozag

Shops:
D:5 :

Annotations:
D:5 exclusions: bullfrog, iguana and quokka, Pikel


Innate Abilities, Weirdness & Mutations

Your plain brown scales are hard. (AC +5)
You cannot fit into any form of body armour.
You are cold-blooded and may be slowed by cold attacks.


Message History

A magic dart appears from out of thin air!
The magic dart hits you but does no damage.
Throw: dart (poison)
Press: ? - help, Q - select action, (/) - cycle Shift-Dir - straight line You throw a poisoned dart.
Something hits you.
Unknown command.
You closely miss something. Something hits you.
You closely miss something. You tail-slap something. Something hits you.
You closely miss something.
You hear some strange, mumbled words.
A magic dart appears from out of thin air!
The magic dart hits you.
* * * LOW HITPOINT WARNING * * *
You closely miss something.
You hear some strange, mumbled words.
A magic dart appears from out of thin air!
The magic dart hits you.
* * * LOW HITPOINT WARNING * * *
You closely miss something. You miss something.
Your tail-slap misses something.
Something hits you.
* * * LOW HITPOINT WARNING * * *
You hit something. Something hits you.
* * * LOW HITPOINT WARNING * * *
You feel protected. Something hits you but does no damage.
The air fills with toxic fumes!
As you read the scroll of poison, it crumbles to dust.
Something hits you.
* * * LOW HITPOINT WARNING * * *
You hit something. You tail-slap something. Something completely misses you.
You closely miss something. Something hits you!
* * * LOW HITPOINT WARNING * * *
Okay, then.
As you read the scroll labelled MOTI UNTOSCH, it crumbles to dust.
You feel strangely unstable.
It was a scroll of teleportation.
Something hits you but does no damage. Something hits you.
You die...
Your body crumbles into a pile of gold.

##.####.##### ...# . ###
...##.......####§########.....
##.##.#.###.##.§§§.......#
#.##.#.# #.##.#§##.####.##
#......# #..§.§§##.##..>..
####.### #§.#§#§§.....#.###
###.#####§§#§#§##..§§#.##
#......##§§§§§§##§§#§§..## #
#.#.##.###.#§§@{§§§§§§<$.#.#
#.#.##.# #§§§§§####§§##..#.#
#.#..#.###§§§§§# #........#
#.......##§§§§§# #.#....###
#.......##§§§§§# #.#.##.#
##......##§§§§§# #.#.##.#
#......###########......#
#......# #.....#.#### #......#
#.###.#.#


There were no monsters in sight!

Vanquished Creatures
  A bullfrog (D:4)
  A bombardier beetle (D:3)
  2 adders
  4 dart slugs
  4 orcs
  5 endoplasms
  3 giant cockroaches
  4 goblins
  7 hobgoblins
  5 kobolds
  A quokka (D:1)
  6 ball pythons
  7 bats
  6 frilled lizards
  4 rats
60 creatures vanquished.

Notes
Turn   | Place    | Note
-------+----------+-------------------------------------------
     0 | D:5      | GordonOverkill the Draconian Delver began the quest for the
                  | Orb.
     0 | D:5      | Reached XP level 1. HP: 19/19 MP: 1/1
    51 | D:5      | Noticed an iguana
   186 | D:5      | Noticed a bullfrog
   190 | D:5      | Reached skill level 1 in Throwing
   190 | D:5      | Reached XP level 2. HP: 21/26 MP: 2/2
   230 | D:5      | Found Aloilu's Book Emporium.
   236 | D:5      | Noticed a lemure
   236 | D:5      | Noticed Pikel
   237 | D:5      | Noticed a lemure
   261 | D:4      | Noticed a black bear
   281 | D:4      | Killed a bullfrog
   282 | D:4      | Reached XP level 3. HP: 24/33 MP: 3/3
   282 | D:4      | Reached XP level 4. HP: 30/40 MP: 4/4
   332 | D:4      | Found a shadowy altar of Dithmenos.
   569 | D:3      | Reached skill level 1 in Spellcasting
   989 | D:1      | Learned a level 4 spell: Vhi's Electric Charge
  1033 | D:1      | Reached XP level 5. HP: 46/46 MP: 8/8
  1137 | D:1      | Found a faded altar of an unknown god.
  1144 | D:1      | Reached skill level 1 in Evocations
  2182 | D:2      | Found an opulent altar of Gozag.
  2292 | D:2      | Became a worshipper of Gozag Ym Sagoz the Greedy
  2353 | D:3      | Reached skill level 1 in Translocations
  2353 | D:3      | Reached skill level 1 in Air Magic
  2631 | D:3      | HP: 2/46 [something (7)]
  2633 | D:3      | Slain by an orc wizard

Illustrated notes

Levels and vault maps discovered:
D:1:      eino_arrival_cavern_e, layout_basic,
          shapermc_ecumenical_altar_pompeii, minmay_door_square,
          hangedman_abyss_or_decor_stabs, minmay_quantized
D:2:      layout_basic, basic_altar, kennysheep_cross_room,
          kennysheep_generic_room_9
D:3:      layout_loops_cross, zin_angel, lexackson_kobold_supper
D:4:      layout_basic, nicolae_dithmenos_through_a_glass_darkly,
          mainiacjoe_overflow_catch_the_wave, serial_glass, glass_columns_a,
          glass_columns_b, minmay_distorted, uniq_ijyb, uniq_natasha,
          uniq_sigmund
D:5:      layout_layer_cave, kennysheep_ying_yang, ashenzari_altar_1,
          serial_shops, shop, uniq_pikel
D:6:      layout_basic, vehumet_altar_wand_db, serial_bayou_lake_a

Skill      XL: |  1  2  3  4  5 |
---------------+----------------+-----
Throwing       | 1 2 |  2.0
Fighting       | 4 |  4.0
Short Blades   | 3 |  3.0
Dodging        | 2 |  2.0
Spellcasting   | 2 |  2.0
Evocations     | 1 |  1.0
Translocations | 1 |  1.0
Air Magic      | 1 |  1.0
Stealth        | |  4.5

Action                     |  1- 3 |  4- 6 || total
---------------------------+-------+-------++-------
  Melee: Short sword       |       |   210 ||   210
         Tailslap          |       |    30 ||    30
  Throw: Dart              |     4 |     5 ||     9
    Use: Potion            |       |     3 ||     3
         Scroll            |       |     6 ||     6
   Stab: Sleeping          |       |    15 ||    15
         Distracted        |       |     1 ||     1
 Armour: Skin              |     7 |   119 ||   126
  Dodge: Dodged            |     9 |    87 ||    96

Table legend: (Time is in decaauts)
 A = Elapsed time spent in this place.
 B = Non-inter-level travel time spent in this place.
 C = Inter-level travel time spent in this place.
 D = Time resting spent in this place.
 E = Time spent auto-exploring this place.
 F = Levels seen in this place.
 G = Mean time per level.
                   A        B        C        D        E       F      G
               +--------+--------+--------+--------+--------+-----+--------+
         Total |   2592 |   2507 |     85 |    524 |   1034 |   6 |  432.0 |
       Dungeon |   2592 |   2507 |     85 |    524 |   1034 |   6 |  432.0 |
               +--------+--------+--------+--------+--------+-----+--------+

Top non-repeatable levels by time:
     D:2: 924 daAuts
     D:1: 918 daAuts
     D:3: 412 daAuts
     D:5: 227 daAuts
     D:4: 74 daAuts
     D:6: 33 daAuts
